 Dungeon Sprint DCSS version 0.30.1-6-gbe392663c4 (webtiles) character file.

Game seed: 1000128877482130778

60902 Heoruswealwe the Minotaur Porcupine (level 14, -7/168 HPs)
             Began as a Minotaur Fighter on Sept 20, 2023.
             Was the Champion of the Shining One.
             Killed from afar by an ironbound thunderhulk (40 damage)
             ... with a bolt of lightning
             ... in the Dungeon (Sprint IX: "|||||||||||||||||||||||||||||") on Sept 21, 2023.
             The game lasted 00:37:54 (4078 turns).

Heoruswealwe the Minotaur Porcupine (MiFi)          Turns: 4078, Time: 00:37:56

Health: -7/168     AC: 28    Str: 28    XL:     14   Next: 58%
Magic:  21/21      EV: 13    Int:  5    God:    the Shining One [******]
Gold:   224        SH:  0    Dex: 11    Spells: 13/13 levels left

rFire   + . .        b - +2 halberd (freeze)
rCold   + . .        (shield currently unavailable)
rNeg    + + +        c - +0 plate armour of the Black Moon {+Blink rPois rCorr}
rPois   +            (helmet restricted)
rElec   .            h - +0 cloak
rCorr   +            f - +1 pair of gloves {Str+3}
SInv    .            e - +2 pair of slick slippers {slick, slippery, EV+4}
Will    +....        (no amulet) Stlth
                     k - ring of protection from fire
HPRegen 0.48/turn    j - ring of protection from cold
MPRegen 0.17/turn

%: no teleportation
@: glowing
A: horns 2, retaliatory headbutt
a: Renounce Religion, Evoke Blink, Divine Shield, Cleansing Flame, Summon Divine
Warrior, Brand Weapon With Holy Wrath


You were in the Dungeon.
You worshipped the Shining One.
The Shining One was exalted by your worship.
You visited 1 branch You collected 1965 gold pieces.
You spent 1741 gold pieces at shops.

Inventory:

Hand Weapons
 a - a +0 trident of venom
 b - a +2 halberd of freezing (weapon)
Armour
 c - the +0 plate armour of the Black Moon (worn) {+Blink rPois rCorr}
   (You found it in the Dungeon)

   rPois:     It protects you from poison.
   +Blink:    It lets you blink.
   rCorr:     It protects you from acid and corrosion.
 d - a +1 tower shield
 e - the +2 pair of slick slippers (worn) {slick, slippery, EV+4}
   (You bought it in a shop in the Dungeon)

   Slick:     Its wearer cannot be constricted, engulfed, netted or webbed.
   Slippery:  Its wearer slips away from damaging melee attacks, pulling the
   attacker onward.
   EV:        It affects your evasion (+4).
 f - a +1 pair of gloves of strength (worn)
 h - a +0 cloak (worn)
Jewellery
 j - a ring of protection from cold (right hand)
 k - a ring of protection from fire (left hand)
Wands
 l - a wand of light (10)
 p - a wand of flame (36)
Scrolls
 n - a scroll of blinking
 s - a scroll of identify
Potions
 m - 3 potions of might
 q - a potion of curing
 r - 2 potions of mutation


   Skills:
 O Level 27 Fighting
 O Level 27 Polearms
 + Level 24.6 Armour
 - Level 3.6 Shields
 + Level 11.5 Invocations
 + Level 10.6 Evocations


You had 13 spell levels left.
You didn't know any spells.
Your spell library was empty.

Dungeon Overview and Level Annotations

Branches:
Dungeon (1/1)

Altars:
Cheibriados
Dithmenos
Elyvilon
Fedhas
Gozag
Hepliaklqana
Kikubaaqudgha
Makhleb
Nemelex Xobeh
Okawaru
Qazlal
Ru
Sif Muna
Trog
Uskayaw
Vehumet
Wu Jian
Xom
Yredelemnul
Zin
The Shining One
Jiyva
Lugonu

Shops:
D :[(*


Innate Abilities, Weirdness & Mutations

You have a pair of horns on your head.
You reflexively headbutt those who attack you in melee.


Message History

You slash the ironbound preserver! You freeze the ironbound preserver!
The ironbound preserver is almost dead.
You hit the ironbound preserver. You freeze the ironbound preserver.
The ironbound preserver is almost dead.
The ironbound preserver hits you but does no damage.
You impale the ironbound preserver!! You freeze the ironbound preserver.
You kill the ironbound preserver!
Things that are here:
a +0 flail; a +0 leather armour A great orb of eyes comes into view.
A slime creature comes into view.
A yaktaur captain comes into view.
An ironbound thunderhulk comes into view.
It is wielding a +0 dire flail.
Strange energies crackle from the ironbound thunderhulk's apparatus.
The ironbound thunderhulk blinks!
The great orb of eyes misses you. You furiously retaliate!
You headbutt the great orb of eyes!! You slice the great orb of eyes!!
You freeze the great orb of eyes.
The great orb of eyes is severely wounded.
The great orb of eyes gazes at you. You resist with significant effort.
You puncture the great orb of eyes! You freeze the great orb of eyes.
You kill the great orb of eyes!
A vault warden comes into view.
It is wielding a +2 great sword of holy wrath.
The vault warden shouts!
A yaktaur captain comes into view.
The slime creature hits you but does no damage.
The yaktaur captain shouts!
You impale the slime creature!! You freeze the slime creature.
The slime creature is heavily wounded.
The slime creature hits you but does no damage.
Electricity crackles from the ironbound thunderhulk's apparatus.
The bolt of lightning hits you!!
* * * LOW HITPOINT WARNING * * *
You slash the slime creature! You freeze the slime creature.
You headbutt the slime creature!
You kill the slime creature!
The vault warden activates a sealing rune.
Electricity crackles from the ironbound thunderhulk's apparatus.
The bolt of lightning hits you!!!
You die...

[▓.▓.▓.▓.▓.▓.▓.▓,*,*+*,*,*,*,*,*,
.▓.▓.▓.▓.▓.▓.▓.▓.▓,*,*,*,*,*,*,*,
.▓.▓.▓.▓.▓)▓'▓.▓c▓,*,*,*,*,*,*,*,
'▓.▓[▓.▓.▓.▓.▓.▓p▓,*,*,*,*,*+*,*,
.▓.▓.▓.▓.▓.▓.▓.▓.▓,*,*,*,*,*,*,*,
.▓.▓∩▓.▓.▓.▓.▓.▓O▓,*,*,*,*,*,*,*,
.▓.▓.▓.▓)▓.▓.▓.▓c▓,*,*,*,*,*,*,*,
)▓.▓∩▓.▓†▓.▓.▓.▓.▓,*,*,*,*,*,*,*,
.▓.▓.▓.▓.▓.▓.▓.▓@▓,*,*,*+*,*,*,*,
.▓.▓∩▓.▓.▓.▓)▓.▓.▓,*,*,*,*,*,*,*,
.▓.▓.▓.▓.▓)▓.▓.▓.▓,*,*,*,*,*,*,*,
.▓.▓∩▓.▓.▓.▓)▓.▓.▓,*,*,*,*,*,*,*,
.▓.▓.▓.▓.▓.▓)▓.▓.▓,*,*,*,*,*,*,*,
.▓.▓)▓.▓.▓.▓)▓.▓.▓,*,*,*,*,*,*,*,
†▓.▓)▓.▓)▓.▓.▓.▓)▓,*,*,*,*,*,*,*,
†▓.▓)▓.▓)▓.▓.▓.▓.▓,*,*,*,*,*,*,*,
†▓.▓)▓.▓.▓)▓.▓.▓.▓,*,*,*,*,*,*,*,


You could see a vault warden, an ironbound thunderhulk and 2 yaktaur captains.

Vanquished Creatures
  Saint Roka (D)
  A lich (D)
  A fire giant (D)
  2 emperor scorpions (D)
  An ironbound preserver (D)
  A vault warden (D)
  A very ugly thing (D)
  5 stone giants (D)
  A vampire knight (D)
  2 eleionomae (D)
  Nessos (D)
  2 dire elephants (D)
  Azrael (D)
  A spark wasp (D)
  An ettin (D)
  A fire dragon (D)
  A yaktaur captain (D)
  A merfolk javelineer (D)
  3 great orbs of eyes (D)
  A ghost crab (D)
  An ice dragon (D)
  A rakshasa (D)
  4 ogre magi (D)
  4 two-headed ogres (D)
  A death knight (D)
  6 centaur warriors (D)
  2 death yaks (D)
  2 deep troll shamans (D)
  2 boulder beetles (D)
  3 tengu warriors (D)
  2 deep troll earth magi (D)
  An alligator (D)
  A naga warrior (D)
  A hell knight (D)
  An orc high priest (D)
  Sonja (D)
  A skyshark (D)
  A salamander mystic (D)
  A flayed ghost (D)
  An orb spider (D)
  A glowing orange brain (D)
  An ironbound convoker (D)
  An orc knight (D)
  A lindwurm (D)
  A wolf spider (D)
  3 ugly things (D)
  A will-o-the-wisp (D)
  3 manticores (D)
  An elephant (D)
  A merfolk siren (D)
  5 black mambas (D)
  2 water nymphs (D)
  3 naga magi (D)
  A demonic crawler (D)
  2 trolls (D)
  2 merfolk (D)
  A wind drake (D)
  A tyrant leech (D)
  4 slime creatures (D)
  3 culicivoras (D)
  A water elemental (D)
  4 yaks (D)
  A wyvern (D)
  A basilisk (D)
  2 fire elementals (D)
  Eustachio (D)
  2 redbacks (D)
  A vampire mosquito (D)
  4 wargs (D)
  A naga (D)
  4 water moccasins (D)
  5 hell hounds (D)
  12 orc warriors (D)
  2 boggarts (D)
  6 ogres (D)
  3 wolves (D)
  3 bullfrogs (D)
  A scorpion (D)
  A killer bee (D)
  A howler monkey (D)
  3 orc priests (D)
  2 orc wizards (D)
  2 adders (D)
  A shadow imp (D)
  12 orcs (D)
  An endoplasm (D)
  A giant cockroach (D)
  A goblin (D)
  2 kobolds (D)
185 creatures vanquished.

Vanquished Creatures (others)
  A spriggan druid (D)
  A hornet (D)
  A spriggan (D)
  A foxfire (D)
4 creatures vanquished.

Grand Total: 189 creatures vanquished

Notes
Turn   | Place    | Note
-------+----------+-------------------------------------------
     0 | D        | Heoruswealwe the Minotaur Fighter began the quest for the
                  | Orb.
     0 | D        | Reached XP level 1. HP: 19/19 MP: 0/0
    24 | D        | Noticed a scorpion
    28 | D        | Reached XP level 2. HP: 28/28 MP: 1/1
    37 | D        | Killed a scorpion
    38 | D        | Reached XP level 3. HP: 37/37 MP: 2/2
    38 | D        | Reached XP level 4. HP: 44/44 MP: 3/3
    62 | D        | Found a snail-covered altar of Cheibriados.
    62 | D        | Found a shadowy altar of Dithmenos.
    62 | D        | Found a white marble altar of Elyvilon.
    62 | D        | Found a blossoming altar of Fedhas.
    62 | D        | Found an opulent altar of Gozag.
    63 | D        | Found a hazy altar of Hepliaklqana.
    64 | D        | Found a viscous altar of Jiyva.
    65 | D        | Found an ancient bone altar of Kikubaaqudgha.
    66 | D        | Found a corrupted altar of Lugonu.
    67 | D        | Found a burning altar of Makhleb.
    68 | D        | Found a sparkling altar of Nemelex Xobeh.
    69 | D        | Found an iron altar of Okawaru.
    70 | D        | Found a stormy altar of Qazlal.
    71 | D        | Found a sacrificial altar of Ru.
    72 | D        | Found a shimmering blue altar of Sif Muna.
    73 | D        | Found a bloodstained altar of Trog.
    74 | D        | Found a hide-covered altar of Uskayaw.
    75 | D        | Found a radiant altar of Vehumet.
    76 | D        | Found an ornate altar of the Wu Jian Council.
    77 | D        | Found a shimmering altar of Xom.
    78 | D        | Found a basalt altar of Yredelemnul.
    79 | D        | Found a glowing silver altar of Zin.
    80 | D        | Found a glowing golden altar of the Shining One.
    88 | D        | Became a worshipper of the Shining One
   136 | D        | Noticed a yak
   136 | D        | Noticed a yak
   136 | D        | Noticed a troll
   136 | D        | Reached * piety under the Shining One
   136 | D        | Noticed a troll
   151 | D        | Killed a troll
   152 | D        | Reached XP level 5. HP: 25/57 MP: 4/4
   152 | D        | Reached XP level 6. HP: 28/63 MP: 5/5
   156 | D        | Killed a troll
   157 | D        | Reached skill level 10 in Fighting
   157 | D        | Reached skill level 10 in Armour
   157 | D        | Reached XP level 7. HP: 47/72 MP: 6/6
   160 | D        | Killed a yak
   165 | D        | Killed a yak
   237 | D        | Noticed a two-headed ogre
   237 | D        | Noticed a centaur warrior
   237 | D        | Reached ** piety under the Shining One
   237 | D        | Noticed a manticore
   237 | D        | Noticed a centaur warrior
   237 | D        | Noticed a green ugly thing
   237 | D        | Noticed a rakshasa
   237 | D        | Reached *** piety under the Shining One
   248 | D        | Killed a green ugly thing
   249 | D        | Reached skill level 15 in Polearms
   249 | D        | Reached XP level 8. HP: 82/82 MP: 7/7
   252 | D        | Killed a centaur warrior
   257 | D        | Killed a manticore
   258 | D        | Reached XP level 9. HP: 92/92 MP: 8/8
   261 | D        | Killed a centaur warrior
   265 | D        | Killed a two-headed ogre
   282 | D        | Killed a rakshasa
   283 | D        | Reached XP level 10. HP: 15/104 MP: 9/9
   522 | D        | Noticed Eustachio
   530 | D        | Killed Eustachio
   530 | D        | Reached **** piety under the Shining One
   626 | D        | Noticed a black mamba
   633 | D        | Noticed a skyshark
   633 | D        | Reached ***** piety under the Shining One
   636 | D        | Killed a black mamba
   639 | D        | Reached skill level 15 in Fighting
   639 | D        | Reached skill level 15 in Armour
   650 | D        | Killed a skyshark
   718 | D        | Noticed a death yak
   718 | D        | Noticed an elephant
   718 | D        | Noticed a death yak
   719 | D        | Noticed a black mamba
   721 | D        | Noticed a black mamba
   727 | D        | Killed a death yak
   731 | D        | Killed an elephant
   738 | D        | Killed a death yak
   749 | D        | Killed a black mamba
   750 | D        | Reached XP level 11. HP: 79/114 MP: 10/10
   921 | D        | Reached ****** piety under the Shining One
  1199 | D        | Noticed an orc high priest
  1212 | D        | Killed an orc high priest
  1241 | D        | Noticed an orc knight
  1248 | D        | Killed an orc knight
  1313 | D        | Found Ytuock's General Store.
  1313 | D        | Noticed a two-headed ogre
  1313 | D        | Noticed an ogre mage
  1313 | D        | Noticed an ogre mage
  1314 | D        | Noticed a two-headed ogre
  1316 | D        | Killed an ogre mage
  1318 | D        | Found Qaq Muve's Antique Weapon Shop.
  1323 | D        | Killed an ogre mage
  1326 | D        | Killed a two-headed ogre
  1328 | D        | Killed a two-headed ogre
  1333 | D        | Found Fuace's Antique Armour Boutique.
  1337 | D        | Found Bikhing's Book Shop.
  1339 | D        | Noticed a two-headed ogre
  1348 | D        | Noticed an ogre mage
  1355 | D        | Killed a two-headed ogre
  1357 | D        | Paralysed by an ogre mage for 4 turns
  1359 | D        | Noticed an ogre mage
  1366 | D        | Killed an ogre mage
  1374 | D        | Killed an ogre mage
  1375 | D        | Reached XP level 12. HP: 85/128 MP: 11/11
  1421 | D        | Bought a tower shield for 108 gold pieces
  1421 | D        | Bought the +2 pair of slick slippers {slick, slippery,
                  | EV+4} for 919 gold pieces
  1421 | D        | Found the +2 pair of slick slippers {slick, slippery, EV+4}
  1421 | D        | Bought a pair of runed gloves for 180 gold pieces
  1421 | D        | Bought a pair of glowing boots for 180 gold pieces
  1427 | D        | Bought a glowing spear for 96 gold pieces
  1429 | D        | Bought a potion of mutation for 88 gold pieces
  1429 | D        | Bought a scroll of magic mapping for 82 gold pieces
  1429 | D        | Bought a scroll of vulnerability for 44 gold pieces
  1429 | D        | Bought a scroll of immolation for 44 gold pieces
  1491 | D        | Noticed Sonja
  1509 | D        | Killed Sonja
  1821 | D        | Got the +0 plate armour of the Black Moon {+Blink rPois
                  | rCorr}
  1850 | D        | Noticed a centaur warrior
  1850 | D        | Noticed a centaur warrior
  1850 | D        | Noticed a boulder beetle
  1850 | D        | Noticed a death knight
  1851 | D        | Noticed a boulder beetle
  1857 | D        | Killed a death knight
  1867 | D        | Killed a boulder beetle
  1868 | D        | Noticed a centaur warrior
  1871 | D        | Noticed a tengu warrior
  1874 | D        | Killed a centaur warrior
  1877 | D        | Killed a centaur warrior
  1891 | D        | Killed a centaur warrior
  1894 | D        | Noticed a stone giant
  1907 | D        | Killed a tengu warrior
  1923 | D        | Killed a stone giant
  1927 | D        | Killed a boulder beetle
  2073 | D        | Noticed a fire giant
  2084 | D        | Killed a fire giant
  2085 | D        | Reached skill level 27 in Polearms
  2156 | D        | Noticed Nessos
  2184 | D        | Killed Nessos
  2493 | D        | Noticed Saint Roka
  2520 | D        | Killed Saint Roka
  2521 | D        | Reached XP level 13. HP: 86/143 MP: 12/12
  2669 | D        | Noticed Azrael
  2682 | D        | Killed Azrael
  2683 | D        | Reached skill level 1 in Invocations
  2683 | D        | Reached skill level 1 in Evocations
  2732 | D        | Noticed an eleionoma
  2732 | D        | Noticed an eleionoma
  2738 | D        | Killed an eleionoma
  2751 | D        | Killed an eleionoma
  2777 | D        | Noticed an emperor scorpion
  2787 | D        | Killed an emperor scorpion
  2893 | D        | Noticed a merfolk javelineer
  2917 | D        | Reached skill level 5 in Invocations
  2930 | D        | Killed a merfolk javelineer
  2931 | D        | Reached skill level 5 in Evocations
  3123 | D        | Noticed an emperor scorpion
  3134 | D        | Killed an emperor scorpion
  3673 | D        | Noticed a purple very ugly thing
  3673 | D        | Noticed an ettin
  3673 | D        | Noticed a fire dragon
  3680 | D        | Killed a fire dragon
  3682 | D        | Noticed a vampire knight
  3684 | D        | Killed a purple very ugly thing
  3692 | D        | Killed an ettin
  3692 | D        | Noticed a stone giant
  3700 | D        | Noticed a lich
  3703 | D        | Noticed a stone giant
  3704 | D        | HP: 5/152 [stone giant/large rock (33)]
  3710 | D        | Paralysed by a vampire knight for 5 turns
  3717 | D        | Killed a vampire knight
  3718 | D        | Reached XP level 14. HP: 36/160 MP: 19/19
  3719 | D        | Killed a stone giant
  3724 | D        | Killed a lich
  3728 | D        | Killed a stone giant
  3742 | D        | Noticed a stone giant
  3748 | D        | Killed a stone giant
  3950 | D        | Noticed a stone giant
  3966 | D        | Killed a stone giant
  3969 | D        | Reached skill level 10 in Invocations
  4016 | D        | Noticed a vault warden
  4043 | D        | Reached skill level 10 in Evocations
  4046 | D        | Killed a vault warden
  4055 | D        | Reached skill level 27 in Fighting
  4055 | D        | Noticed an ironbound preserver
  4067 | D        | Killed an ironbound preserver
  4073 | D        | Noticed an ironbound thunderhulk
  4076 | D        | Noticed a vault warden
  4078 | D        | Killed from afar by an ironbound thunderhulk

Illustrated notes

Levels and vault maps discovered:
D:        linesprint [early_d, line_temple, items_1, d_10, items_2, lair_1,
          lair_end, items_3, orc_1, orc_end, items_4, d_15, swamp_1, shoals_1,
          snake_1, spider_1, d_20, vaults_1, items_5, swamp_end, shoals_end,
          snake_end, spider_end, vaults_end, d_27, items_6, zot_1, zot_end,
          crypt_end, forest_end, elf_end, slime_end, tomb_end, abyss_end,
          pan_hell_end]

Skill      XL: |  1  2  3  4  5  6  7  8  9 10 11 12 13 14 |
---------------+-------------------------------------------+-----
Polearms       | 4 7 11 13 15 17 19 21 25 27 | 27.0
Fighting       | 4 6 9 10 11 12 14 16 18 21 24 27 | 27.0
Armour         | 4 6 9 10 11 13 14 16 18 21 23 24 | 24.6
Invocations    | 8 11 | 11.5
Evocations     | 7 10 | 10.6
Shields        | |  3.6

Action                     |  1- 3 |  4- 6 |  7- 9 | 10-12 | 13-15 || total
---------------------------+-------+-------+-------+-------+-------++-------
  Melee: Trident           |    22 |    18 |       |       |       ||    40
         Headbutt          |     3 |     6 |    10 |    93 |    90 ||   202
         Halberd           |       |    18 |    39 |   318 |   284 ||   659
    Use: Potion            |       |     2 |     3 |     8 |     6 ||    19
         Scroll            |       |       |       |     1 |     5 ||     6
 Armour: Scale mail        |    10 |     7 |       |       |       ||    17
         Chain mail        |       |    21 |    25 |    39 |       ||    85
         Plate armour      |       |       |       |    67 |   123 ||   190
  Dodge: Dodged            |     5 |    25 |    13 |   121 |   100 ||   264
  Block: Buckler           |     5 |     3 |       |       |       ||     8
